[Event "Arsen Yeghiazaryan Memorial 2022"]
[Site "Yerevan"]
[Date "2022.07.01"]
[Round "1.1"]
[White "Morchiashvili, Bachana"]
[Black "Yeremyan, Alen"]
[Result "0-1"]
[ECO "B38"]
[WhiteElo "2305"]
[BlackElo "2233"]
[Annotator "TA"]
[PlyCount "117"]
[EventDate "2022.06.30"]
[EventType "tourn"]
[EventCountry "ARM"]
[SourceTitle "playchess.com"]
[Source "ChessBase"]
[SourceQuality "1"]
[TimeControl "40/5400+30:1800+30"]

1. c4 Nf6 2. Nc3 g6 3. e4 d6 4. d4 Bg7 5. Nf3 O-O 6. Be2 c5 7. O-O cxd4 8. Nxd4 Nc6 9. Be3 Nxd4 10. Bxd4 a5 11. Qd2 Bd7 12. f3 Bc6 13. Rfd1 Nd7 14. Be3 {[%emt 0:00:05] 14.Bf2 is the fancy move.} a4 {[%emt 0:03:07] B38: Sicilian: Maroczy Bind with 5...Bg7 and 7...0-0.} 15. Rab1 Qa5 16. Rdc1 {[%emt 0:00:37] [#]} Nc5 $146 {[%emt 0:08:05] The position is equal.} ({Predecessor:} 16... f5 17. Bd3 Ne5 18. exf5 Bxf3 19. fxg6 hxg6 20. Be2 Bg4 21. Re1 Bxe2 22. Qxe2 Qb4 23. c5 Ng4 24. a3 Qd4 25. Bxd4 Bxd4+ 26. Kh1 Nf2+ 27. Kg1 Nh3+ {½-½ (27) Civric,Z (2211)-Marinkovic,Z (2240) Sabac 2014}) 17. Bf1 (17. Nd5 $5 ) 17... Rfc8 18. Qf2 Ra6 19. h3 Raa8 20. Kh1 Bf6 21. Bd2 Qd8 22. Be3 Qa5 23. Bd2 Qd8 24. Qe1 Qf8 25. Be3 Be5 26. Qd2 Bf6 (26... e6 {feels hotter.} 27. Nb5 f5 28. Rd1 b6) 27. Rc2 Qd8 28. Re1 Qa5 29. Nd5 Bxd5 30. Qxa5 Rxa5 31. cxd5 Raa8 32. Rec1 Rcb8 33. Bxc5 dxc5 34. Rxc5 Bxb2 35. Rb1 Be5 36. Rcb5 b6 37. R5b4 Rc8 (37... Bd6 $5 ) 38. Bb5 ({Reject} 38. Rxb6 Rc2 39. Rb7 Kf8 $17) 38... Rc2 39. Rxa4 (39. Bxa4 $11 Rxa2 40. Bc6) 39... Rxa4 $17 40. Bxa4 Rxa2 $11 {[%emt 0:00:00][%mdl 4096] Endgame KRB-KRB} 41. Bc6 Kg7 42. Kg1 Kf6 43. h4 h5 44. Bd7 Kg7 45. Bh3 Rc2 46. Kf1 Bc7 {[%emt 0:05:01] Black is more active.} 47. Ke1 Kf6 48. Kd1 Ra2 49. Rc1 Bd6 50. Rc6 Ke5 51. Rxb6 Kf4 52. Rc6 Kg3 53. Rc2 $2 {[%emt 0:04:18][%mdl 8192] Loses the game.} (53. Rc8 $15) 53... Rxc2 $19 54. Kxc2 Kxh4 {[%emt 0:01:41] [#] White must now prevent ...Kg3. KB-KB} 55. Kd3 Kg3 56. Kd4 f6 57. e5 Bxe5+ 58. Ke4 Bd6 59. Kd4 {[%emt 0:01:18] Weighted Error Value: White=0.54/Black=0.07 (flawless)} 0-1

[Event "Arsen Yeghiazaryan Memorial 2022"]
[Site "Yerevan"]
[Date "2022.07.01"]
[Round "1.2"]
[White "Piliposyan, Robert"]
[Black "Yeritsyan, Hayk"]
[Result "1/2-1/2"]
[ECO "A58"]
[WhiteElo "2287"]
[BlackElo "2249"]
[Annotator "NA RC"]
[PlyCount "70"]
[EventDate "2022.06.30"]
[EventType "tourn"]
[EventCountry "ARM"]
[SourceTitle "playchess.com"]
[Source "ChessBase"]
[SourceQuality "1"]
[TimeControl "40/5400+30:1800+30"]

1. d4 Nf6 2. c4 c5 3. d5 b5 4. cxb5 a6 5. bxa6 e6 $1 6. Nc3 exd5 $1 7. Nxd5 Be7 8. e3 Nxd5 9. Qxd5 Nc6 ({Better is} 9... Ra7 $1 $11) 10. Nf3 ({Much weaker is} 10. Bc4 O-O $11) (10. Bd2 $16) 10... Rxa6 11. Bc4 (11. Bxa6 $16 Nb4 {[#]} 12. Qd1 $1 Bxa6 13. Ne5) 11... O-O 12. O-O Rb6 $1 13. Qh5 Bb7 14. e4 Nd4 15. Nxd4 cxd4 16. Bd3 Qa8 17. Re1 Rc8 18. Qh3 Bb4 {[%emt 0:02:07] [#]} 19. e5 $1 h6 (19... Bxe1 20. Qxh7+ Kf8 21. Qh8+ Ke7 22. Bg5+ f6 23. exf6+ Kd6 24. Bf4+ Kc5 25. Rc1+ Bc3 26. Qxg7 $18) 20. Rd1 $1 Bf8 $16 21. Qg4 Rc5 22. Re1 Qa5 23. Bf4 Rxb2 24. Qxd7 Rc7 25. Qd8 Rxa2 26. Rab1 Re7 27. Qxa5 Rxa5 28. Bd2 Ra7 29. Bb4 Re8 30. Bxf8 Kxf8 31. Rb4 Rd8 32. Reb1 Ra3 33. R4b3 Rda8 34. Rxa3 Rxa3 35. Rxb7 Rxd3 1/2-1/2

[Event "Arsen Yeghiazaryan Memorial 2022"]
[Site "Yerevan"]
[Date "2022.07.01"]
[Round "1.3"]
[White "Hayrapetyan, Hovik"]
[Black "Nazari, Arad"]
[Result "0-1"]
[ECO "D85"]
[WhiteElo "2481"]
[BlackElo "2401"]
[Annotator "TA"]
[PlyCount "120"]
[EventDate "2022.06.30"]
[EventType "tourn"]
[EventCountry "ARM"]
[SourceTitle "playchess.com"]
[Source "ChessBase"]
[SourceQuality "1"]
[TimeControl "40/5400+30:1800+30"]

1. d4 Nf6 2. c4 g6 3. Nc3 d5 4. cxd5 Nxd5 5. e4 Nxc3 6. bxc3 Bg7 7. Nf3 c5 8. Rb1 O-O 9. Be2 Nc6 10. d5 Ne5 11. Nxe5 Bxe5 12. Qd2 e6 13. f4 Bc7 14. O-O exd5 15. exd5 Ba5 16. Bb2 {[%emt 0:01:31] D85: Exchange Grünfeld: Unusual White 7th moves and lines with 7 Nf3.} ({White should play} 16. f5 $11 Bxf5 17. Rxb7) 16... Bf5 $15 17. Rbd1 Qd6 18. g4 {[%emt 0:33:10] Black is slightly better.} Be4 {[%emt 0:06:13][%cal Oc5c4] [#]} 19. Bf3 $146 ({Predecessor:} 19. Qe3 Bc2 20. c4 Rfe8 21. Qf2 Bxd1 22. Bxd1 f6 23. g5 f5 24. Ba1 Re4 25. Qb2 {0-1 (59) Spiess,G (2410)-Jansa,V (2490) Germany 1997}) 19... Rfe8 ({Black should try} 19... Rae8 $17) 20. Kg2 (20. Qe2 $1 $15 Bxf3 21. Qxf3) 20... c4 21. Rfe1 Bd3 (21... Bxf3+ $17 22. Kxf3 Rxe1 23. Rxe1 Rd8) 22. Rxe8+ (22. Qc1 $15 {is superior.}) 22... Rxe8 $17 23. Re1 {[%emt 0:00:02] [#] Prevents Qe7.} Re7 (23... Rxe1 $6 24. Qxe1 Bc7 25. Bc1 $11) 24. Qc1 {[%emt 0:06:40] [#]} Bb6 $1 {[%emt 0:17:18] 0x0.00207cf2f26adp-1022s more active pieces.} (24... Rxe1 $6 25. Qxe1 Bc7 26. Bc1 $11) 25. Rxe7 Qxe7 26. Ba3 Qh4 {[%emt 0:01:36] ( -> ...Qf2+)} 27. Qd2 {[%emt 0:00:05] Inhibits Qf2+.} f5 28. gxf5 gxf5 $40 {[%emt 0:03:06][%mdl 128] White is in trouble.} ({Not} 28... Bxf5 29. Kh1 $11) 29. d6 $2 {[%emt 0:05:05] White does not recover from this.} (29. h3 $17) 29... Be4 $19 30. Bxe4 {[%emt 0:00:05] Threatening mate with Qd5+.} Qg4+ ({And not} 30... fxe4 31. Qd5+ Kg7 32. Qe5+ Kh6 33. Qe6+ Kh5 34. Qe5+ Kh6 35. Qe6+ Kh5 36. Qe5+ Kh6 $11) 31. Kf1 Qg1+ ({Stronger than} 31... fxe4 32. Qd5+ (32. Qg2 Qxg2+ 33. Kxg2 Kf7 $17) 32... Kg7 33. Qxb7+ Kh6 34. Qxe4 $11) 32. Ke2 Qxh2+ 33. Kd1 {[%emt 0:00:01] White wants to mate with Qd5+.} Qxd2+ 34. Kxd2 fxe4 {[%emt 0:00:09][%mdl 4096] Endgame KB-KB} 35. d7 Kf7 {[%emt 0:00:09] Prevents Be7.} 36. Bc5 {[%emt 0:01:00] Threatens to win with Bxb6.} Bd8 {[%emt 0:02:59] ...Ke6 is the strong threat.} 37. Bxa7 $2 (37. Ke3 b6 38. Bd4) 37... Ke6 38. Ke3 Kf5 39. Kf2 Kxf4 40. Be3+ Kg4 41. Bh6 Kf5 {[%emt 0:01:36] White must now prevent ...Kg6.} 42. a4 Kg6 43. Be3 h5 44. Kg3 Kf5 45. Bf2 Bc7+ 46. Kh4 Ke6 47. Kxh5 Kxd7 48. Kg4 Ke6 49. Be3 Be5 50. Bd2 Bg7 51. Kg3 Kd5 52. Be1 Bh6 53. Kg4 Bc1 54. Kg3 Kc5 (54... Kc6 $142 55. Kf2 Kb6 56. Ke2 Bf4 57. a5+ Kxa5 58. Bf2 Ka4 59. Kf1 Kb3 60. Bd4 b5 61. Kg2 b4 62. Be5 Bxe5 63. Kh3 e3 64. Kh4 bxc3 65. Kg5 e2 66. Kf5 e1=Q 67. Ke6 c2 68. Ke7 c1=Q 69. Ke8 Bd6+ 70. Kd7 Qa3 71. Kd8 Qe7+ 72. Kc8 Qc7#) 55. Bf2+ e3 {[%emt 0:00:21] Black mates.} 56. Bg1 Kb6 57. Kf3 Ka5 58. Ke2 Kxa4 59. Kd1 Bd2 60. Kc2 b5 {[%emt 0:00:29] Weighted Error Value: White=0.58/Black=0.19 (very precise)} 0-1

[Event "Arsen Yeghiazaryan Memorial 2022"]
[Site "Yerevan"]
[Date "2022.07.01"]
[Round "1.4"]
[White "Quparadze, Giga"]
[Black "Atakhan, Abtin"]
[Result "0-1"]
[ECO "B19"]
[WhiteElo "2482"]
[BlackElo "2344"]
[Annotator "TA"]
[PlyCount "104"]
[EventDate "2022.06.30"]
[EventType "tourn"]
[EventCountry "ARM"]
[SourceTitle "playchess.com"]
[Source "ChessBase"]
[SourceQuality "1"]
[TimeControl "40/5400+30:1800+30"]

1. e4 c6 2. d4 d5 3. Nc3 dxe4 4. Nxe4 Bf5 5. Ng3 Bg6 6. h4 h6 7. Nf3 Nd7 8. h5 Bh7 9. Bd3 Bxd3 10. Qxd3 e6 11. Bf4 Qa5+ {[%emt 0:00:35] B19: Classical Caro-Kann: 4...Bf5 main line.} 12. Bd2 Bb4 13. c3 Be7 {[%emt 0:00:08] The position is equal.} 14. c4 Qc7 15. O-O-O Ngf6 16. Rhe1 b5 17. c5 O-O {[%emt 0:00:31] [#]} 18. Qc2 $146 ({Predecessor:} 18. Kb1 a5 19. Ne2 Ng4 20. Rf1 Rfd8 21. Qc2 b4 22. Ne1 e5 23. f3 Ngf6 24. Nd3 {0-1 (44) Stellwagen,D (2625)-Jakovenko,D (2720) France 2008}) 18... Ng4 19. Ne4 Rad8 20. Re2 Ndf6 21. Nxf6+ Nxf6 22. g4 Nh7 {[%emt 0:00:09] Inhibits g5.} (22... Nxg4 23. Rg1 f5 24. Rxe6 $14) (22... Rd5 $15) 23. Be3 Rd5 24. Ne5 Bxc5 25. Nxf7 ({White should try} 25. Kb1 $15) 25... Qxf7 $17 26. dxc5 Qf3 27. Rg1 Rfd8 (27... a5 $17) 28. Ree1 Nf6 29. Kb1 (29. Rg3 $11 Qe4 30. f3) 29... Nxg4 $15 30. Bc1 Qf5 {[%emt 0:11:13] Black is much more active.} (30... Nxf2 $2 31. Rxg7+ $3 Kf8 32. Rg8+ $3 Kxg8 33. Qg6+ Kh8 34. Qxh6+ Kg8 35. Qxe6+ Kh8 36. Qh6+ Kg8 37. Re7 (37. Rg1+ $2 Ng4 $19) 37... Qf5+ 38. Ka1 $18) (30... Qxf2 31. Qxf2 Nxf2 32. Rxe6 $11) (30... Rxh5 31. Rxe6 Rh1 32. Rxh1 Qxh1 33. Qe2 $11 (33. Qg6 Qf3 $11)) 31. Qxf5 exf5 32. f3 {[%emt 0:00:07] [#] Black continues to play with concentration.} (32. Re6 $15) 32... Ne5 $1 $36 {[%emt 0:02:25][%mdl 2048] Black is in control.} 33. Bxh6 {[%emt 0:06:16] [#]} Kh7 ({Inferior is} 33... R8d7 34. Re3 $15) 34. Rxe5 $2 ({Avoid the trap} 34. Bxg7 $2 Nxf3 35. Bf6 Nxe1 36. Rxe1 Rd1+ 37. Rxd1 Rxd1+ 38. Kc2 Rh1 $19) (34. Bg5 Nxf3 35. Bxd8 Nxg1 36. Bc7) 34... Rxe5 $19 35. Bxg7 {[%emt 0:00:09][%mdl 4096] Endgame KRR-KRB} Red5 36. Rg2 Rd2 37. Rg5 Rf2 38. a3 Rg8 39. h6 Rxf3 40. Kc2 Rd8 41. Rg2 f4 42. Rg5 a5 {[%emt 0:03:21][%cal Ba7a5,Ba5b4,Bb4c3][%mdl 32] White must now prevent ...b4.} 43. Rf5 b4 {[%emt 0:01:07] Against Bc3} 44. axb4 axb4 45. b3 Rf2+ 46. Kc1 Rf1+ 47. Kc2 Rfd1 48. Bc3 bxc3 49. Rxf4 R8d3 {[%emt 0:00:26] Black mates.} 50. Rf7+ Kxh6 51. Rf6+ Kg5 52. Rxc6 R1d2+ {[%emt 0:00:05] Weighted Error Value: White=0.53/Black=0.06 (flawless)} 0-1

[Event "Arsen Yeghiazaryan Memorial 2022"]
[Site "Yerevan"]
[Date "2022.07.01"]
[Round "1.5"]
[White "Agasarov, Benik"]
[Black "Alaverdyan, Gevorg"]
[Result "0-1"]
[ECO "B01"]
[WhiteElo "2225"]
[BlackElo "2336"]
[Annotator "TA"]
[PlyCount "90"]
[EventDate "2022.06.30"]
[EventType "tourn"]
[EventCountry "ARM"]
[SourceTitle "playchess.com"]
[Source "ChessBase"]
[SourceQuality "1"]
[TimeControl "40/5400+30:1800+30"]

1. e4 d5 2. exd5 Qxd5 3. Nc3 Qd6 4. d4 c6 5. Nf3 Nf6 6. Ne5 Nbd7 {[%emt 0:00:18] B01: Scandinavian Defence.} 7. Nc4 Qc7 8. a4 {[%emt 0:00:32][%cal Ba2a4,Ba4a5][%mdl 32] Against b5} Nb6 {[%emt 0:05:23] White is slightly better.} 9. Ne5 Bf5 10. a5 Nbd5 11. Nxd5 Nxd5 12. c3 {[%emt 0:00:08][%cal Oe5f7] [#]} a6 $146 ({Predecessor:} 12... e6 13. Bc4 Bd6 14. Qe2 O-O 15. O-O Rfe8 16. Re1 a6 17. h3 c5 18. dxc5 Bxc5 {1-0 (39) Byron,A (2149)-Weinstein,S (2025) Caleta 2014}) 13. Nxf7 Kxf7 $17 14. Qf3 {[%emt 0:00:06] [#]} e6 (14... Ke6 $1 $17) 15. g4 $14 {[%emt 0:00:05][%mdl 1088] Pin. White has compensation.} Re8 16. Bc4 g6 17. Kf1 Qd8 18. Bd2 Kg7 {[%emt 0:07:57] And now ...Bc2 would win.} 19. gxf5 exf5 20. Kg2 Re4 21. h3 (21. Rhe1 $11) 21... Bd6 $15 22. Kf1 (22. Rhe1 $15) 22... Qh4 (22... Rhe8 $17 23. Bd3 Rh4) 23. Bd3 Re7 24. Re1 Rhe8 25. Rxe7+ Rxe7 ({But not} 25... Qxe7 26. h4 $11) 26. Rg1 Bf4 {[%emt 0:02:50] Inhibits Bg5.} 27. Be1 {[%emt 0:00:38] [#]} (27. Bxf4 $15 Nxf4 28. Bxf5) 27... Bh2 (27... Qh6 $1 $19 {and Black stays clearly on top. ...Bd2 is the strong threat.} 28. Bc4 Bd6 29. Bxd5 cxd5) 28. Rg2 (28. Rh1 $142 Bc7 29. Bd2) 28... Qf4 {[%emt 0:00:35] 0x0.00166f3bb619dp-1022s more active pieces.} (28... Bb8 $142 {Hoping for ...Qh6.} 29. Bd2 (29. Qxf5 $2 Nf4 $19) 29... Bf4 30. Bxf4 Nxf4) 29. Be2 $17 Qxf3 {[%emt 0:00:12] Dancing on a razor blade.} 30. Bxf3 Bc7 $36 {[%emt 0:00:04][%mdl 2048] White is under strong pressure.} 31. Bxd5 cxd5 {[%emt 0:00:01][%mdl 4096] Endgame KRB-KRB} 32. b4 $1 f4 {[%emt 0:05:31] Strongly threatening ...f3.} 33. f3 Re3 34. Kf2 (34. Rf2 $1 $15) 34... Bd8 $19 {[%emt 0:00:13] aiming for ...Bh4+.} 35. Rg4 {[%emt 0:00:32] Prevents Bh4+.} h5 36. Rxf4 Re6 37. Bd2 Bg5 38. h4 Bh6 {[%emt 0:02:28] Black is clearly winning.} 39. Rf7+ Kxf7 40. Bxh6 {[%emt 0:00:00] KR-KB} Ke8 41. Be3 Kd7 42. Ke2 Kc6 43. Kd3 Rf6 44. Ke2 Kb5 45. Bg5 Rf8 {[%emt 0:00:05] Weighted Error Value: White=0.52/Black=0.16 (very precise)} 0-1

[Event "Arsen Yeghiazaryan Memorial 2022"]
[Site "Yerevan"]
[Date "2022.07.02"]
[Round "2.1"]
[White "Yeremyan, Alen"]
[Black "Alaverdyan, Gevorg"]
[Result "0-1"]
[ECO "A16"]
[WhiteElo "2233"]
[BlackElo "2336"]
[Annotator "TA"]
[PlyCount "152"]
[EventDate "2022.06.30"]
[EventType "tourn"]
[EventCountry "ARM"]
[SourceTitle "playchess.com"]
[Source "ChessBase"]
[SourceQuality "1"]
[TimeControl "40/5400+30:1800+30"]

1. c4 Nf6 2. g3 g6 3. Bg2 Bg7 4. Nc3 O-O 5. d3 c6 6. e4 d5 {[%emt 0:03:24] A16: English Opening: 1...Nf6 with ...d5.} 7. cxd5 cxd5 8. exd5 (8. e5 $5 Ne8 9. d4 $11 (9. Bxd5 Bxe5 10. Nge2 Nc6 $15) (9. Nxd5 Nc6 $11)) 8... Na6 {[%emt 0:06:49] The position is equal.} 9. Nge2 Bg4 {[%emt 0:03:15] [#]} 10. h3 $146 ({Predecessor:} 10. O-O Nb4 11. Re1 Nfxd5 12. Nxd5 Nxd5 13. Qb3 Be6 14. Qa3 Qb6 15. Rb1 Rac8 16. Nf4 {0-1 (23) Jurasek,M (2272)-Kovar,V (2341) Czech Republic 2015}) 10... Bxe2 11. Qxe2 Nb4 12. O-O Nfxd5 13. Bg5 $1 h6 14. Nxd5 Nxd5 15. Qe4 (15. Bd2 $11) 15... hxg5 $17 16. Qxd5 Qxd5 17. Bxd5 Rfd8 (17... Bxb2 18. Rab1 Bd4 19. Rxb7 $11) 18. Bc4 (18. Bxb7 $11 Rab8 19. Ba6) 18... Rab8 ({But not} 18... Bxb2 $6 19. Rab1 Bd4 20. Rxb7 $11) 19. a4 Bxb2 20. Rab1 Bd4 21. Rb5 Kg7 22. Kg2 b6 23. Re1 Kf6 24. Re4 e6 25. Re1 Bc5 26. Rb2 Rbc8 27. Re4 Rd6 28. Rb1 Rd4 29. Re2 Rh8 30. Ra1 Rh5 31. Rf1 Rd8 32. Re4 Ke7 33. Rd1 Rdh8 34. Rh1 Bd6 35. Ree1 Rc8 36. Rb1 Rc5 37. Rb5 Rh8 38. Rhb1 Rhc8 39. Ra1 Re5 40. Ra2 Re1 ({Better is} 40... Bc5 $17 41. Rb1 Rf5) 41. a5 (41. Rxg5 $11 {remains equal.} Kf6 42. Rg4) 41... Bc5 {[%emt 0:01:53] aiming for ...a6.} 42. axb6 axb6 43. Rbb2 Bd4 44. Rb4 Rd8 45. Bb5 Kf6 46. Bc4 Bc5 47. Rbb2 Rd4 {[%emt 0:01:03] Black is more active.} 48. Ra8 Rd7 49. Raa2 Rc7 50. Rb3 Rd7 51. Rbb2 $1 Bd4 52. Rb4 Rd6 53. Rb5 Ra1 54. Rxa1 Bxa1 $15 {[%emt 0:00:01][%mdl 4096] Endgame KRB-KRB} 55. Rb3 Bd4 56. Ra3 Rd8 57. Ra4 Bc5 58. Ra2 Rc8 59. Kf3 Rc7 60. Ra8 Ke5 {[%emt 0:00:53] White is on the road to losing.} 61. Ra4 Bd4 62. Ra8 Rc5 63. Rb8 Ra5 64. Rb7 Kf6 65. Rd7 (65. g4 $17) 65... Rf5+ $19 66. Kg4 Bxf2 67. d4 Ra5 {[%emt 0:11:54] [#] Strongly threatening ...Ra3.} 68. Kf3 Be1 69. d5 Ra3+ 70. Kg2 (70. Ke2 $142 Rc3 71. Ba6 Bxg3 72. dxe6 Kxe6 73. Rd3 Rc2+ 74. Kd1) 70... Rxg3+ 71. Kf1 Rc3 ({Not} 71... Rxh3 72. dxe6 fxe6 73. Kxe1 $11) 72. Be2 Bg3 ({Weaker is} 72... Rxh3 73. Kxe1 exd5 74. Rxd5 $11) 73. dxe6 Kxe6 74. Rb7 (74. Rd3 $142 Rc1+ 75. Rd1) 74... Bc7 75. Ra7 f5 76. Ra8 Rxh3 {[%emt 0:00:11] Weighted Error Value: White=0.08 (flawless) /Black=0.08 (flawless)} 0-1

[Event "Arsen Yeghiazaryan Memorial 2022"]
[Site "Yerevan"]
[Date "2022.07.02"]
[Round "2.2"]
[White "Atakhan, Abtin"]
[Black "Agasarov, Benik"]
[Result "1-0"]
[ECO "A14"]
[WhiteElo "2344"]
[BlackElo "2225"]
[Annotator "TA"]
[PlyCount "89"]
[EventDate "2022.06.30"]
[EventType "tourn"]
[EventCountry "ARM"]
[SourceTitle "playchess.com"]
[Source "ChessBase"]
[SourceQuality "1"]
[TimeControl "40/5400+30:1800+30"]

1. c4 Nf6 2. Nf3 e6 3. g3 d5 4. Bg2 Be7 5. O-O O-O 6. b3 d4 7. e3 c5 8. exd4 cxd4 9. Bb2 Nc6 10. Re1 Re8 11. d3 Bc5 {[%emt 0:01:14] A14: English Opening: 1...e6 with b3 by White.} 12. Ne5 {[%emt 0:02:07] 12.Ne5 scores better than 12.a3.} Nxe5 13. Rxe5 Qd6 {[%emt 0:00:09] The position is equal. 13...Bd6 is vanishing.} 14. f4 {[%emt 0:13:44] [#]} Bd7 $146 (14... Rd8 $11 {is more appropriate.}) ({Predecessor:} 14... a5 15. a4 Rb8 16. Na3 Bd7 17. Ra2 Qb6 18. Nb5 Bxb5 19. axb5 Nd7 20. Re4 Nf6 {1-0 (76) Repka,C (2508)-Yoo,C (2514) Saint Louis 2022}) 15. Bxb7 $14 Rab8 16. Bf3 Bc6 17. Nd2 Nd7 18. Re1 e5 19. Bxc6 Qxc6 20. Qf3 Qc7 21. Ne4 $1 Bb4 {[%emt 0:12:41] [#]} 22. Re2 f5 (22... Rbd8 $16) 23. Ng5 $18 {[%emt 0:08:22] White threatens Qd5+ and mate.} e4 24. dxe4 (24. Qh5 $2 Nf6 25. Qh3 exd3 26. Rxe8+ Rxe8 27. Qxf5 d2 $19) 24... h6 {[%emt 0:00:05] [#]} 25. Nh3 (25. Bxd4 hxg5 26. exf5 Rxe2 27. Qxe2 gxf4 $11) 25... Bc5 {[%emt 0:05:28] White must now prevent ...d3+.} 26. Nf2 (26. exf5 $2 Rxe2 27. b4 d3+ 28. Kf1 Rxb2 $19) 26... fxe4 27. Rxe4 Nf6 28. Ree1 (28. Rxe8+ $142 Rxe8 29. Nd3) 28... a5 (28... Rxe1+ $142 29. Rxe1 Qa5) 29. Nd3 a4 30. Re5 a3 31. Bc1 (31. Nxc5 Rxe5 32. fxe5 axb2 $18) 31... Bd6 32. Rxe8+ Rxe8 33. Bd2 {[%emt 0:00:12] Inhibits Qa5.} Qd7 34. Re1 {[%emt 0:00:52][%cal Ba1e1,Be1e6,Be6e5][%mdl 32] Prevents Ne4.} Rc8 35. f5 Rf8 36. Re6 {[%emt 0:00:26] White is clearly winning.} Ne8 {[%emt 0:00:23] Threatens to win with ...Qxe6.} 37. Qd5 {[%emt 0:00:34] And now Re7+ would win.} Qf7 {[%emt 0:00:11] Inhibits Re7.} 38. Ne5 Bxe5 39. Rxe5 ({Weaker is} 39. Qxe5 Nf6 40. Qxd4 Qh5 $18) 39... Nf6 40. Qxf7+ ({Don't play} 40. Qxd4 Qh5 41. Bc3 Ng4 $18) 40... Kxf7 41. Kf1 Rb8 42. b4 Re8 43. Rxe8 Kxe8 44. Ke2 Ng4 45. Kd3 {[%emt 0:00:28] White took control after the opening.  Weighted Error Value: White=0.07 (flawless) /Black=0.37} 1-0

[Event "Arsen Yeghiazaryan Memorial 2022"]
[Site "Yerevan"]
[Date "2022.07.02"]
[Round "2.3"]
[White "Yeritsyan, Hayk"]
[Black "Quparadze, Giga"]
[Result "0-1"]
[ECO "D85"]
[WhiteElo "2249"]
[BlackElo "2482"]
[Annotator "TA"]
[PlyCount "120"]
[EventDate "2022.06.30"]
[EventType "tourn"]
[EventCountry "ARM"]
[SourceTitle "playchess.com"]
[Source "ChessBase"]
[SourceQuality "1"]
[TimeControl "40/5400+30:1800+30"]

1. d4 Nf6 2. c4 g6 3. Nc3 d5 4. cxd5 Nxd5 5. e4 Nxc3 6. bxc3 Bg7 7. Nf3 c5 8. Rb1 O-O 9. Be2 Nc6 10. d5 Ne5 11. Nxe5 Bxe5 12. Qd2 e6 13. f4 Bc7 14. O-O exd5 15. exd5 Ba5 $1 16. Bb2 {[%emt 0:01:31] D85: Exchange Grünfeld: Unusual White 7th moves and lines with 7 Nf3.} Bf5 17. Rbd1 Qd6 18. g4 {[%emt 0:33:10] Black is slightly better.} Be4 {[%emt 0:06:13][%cal Oc5c4] [#]} 19. Bf3 $146 ({Predecessor:} 19. Qe3 Bc2 20. c4 Rfe8 21. Qf2 Bxd1 22. Bxd1 f6 23. g5 f5 24. Ba1 Re4 25. Qb2 {0-1 (59) Spiess,G (2410)-Jansa,V (2490) Germany 1997}) 19... Rfe8 (19... Rae8 {is interesting.} 20. f5 c4 21. Qh6 Bd8) 20. Kg2 (20. Qe2 $1 $15 Bxf3 21. Qxf3) 20... c4 (20... Re7 {seems wilder.} 21. Rfe1 Rae8 22. Bxe4 Rxe4 23. Kf3 Qe7) 21. Rfe1 Bd3 ({Black should try} 21... Bxf3+ $17 22. Kxf3 Rxe1 23. Rxe1 Rd8) 22. Rxe8+ (22. Qc1 $15) 22... Rxe8 $17 23. Re1 {[%emt 0:00:02] Inhibits Qe7.} Re7 (23... Rxe1 $6 24. Qxe1 Bc7 25. Bc1 $11) 24. Qc1 Bb6 {[%emt 0:17:18] 0x0.000861dd465ddp-1022s more active pieces.} (24... Rxe1 $6 25. Qxe1 Bc7 26. Bc1 $11) 25. Rxe7 Qxe7 26. Ba3 Qh4 27. Qd2 {[%emt 0:00:05] Inhibits Qf2+.} f5 28. gxf5 gxf5 $40 {[%emt 0:03:06][%mdl 128] Black goes for the king.} (28... Bxf5 $6 29. Kh1 $15) 29. d6 $2 {[%emt 0:05:05] This move loses the game for White.} ({Much worse is} 29. Kh1 Kf7 30. Bd6 Be4 31. Bxe4 fxe4) (29. h3 $17 {was forced.}) 29... Be4 $19 30. Bxe4 Qg4+ (30... fxe4 31. Qd5+ Kg7 32. Qe5+ Kh6 33. Qe6+ Kh5 34. Qe5+ Kh6 35. Qe6+ Kh5 36. Qe5+ Kh6 $11) 31. Kf1 Qg1+ ({Inferior is} 31... fxe4 32. Qd5+ (32. Qg2 Qxg2+ 33. Kxg2 Kf7 $17) 32... Kg7 33. Qxb7+ Kh6 34. Qxe4 $11) 32. Ke2 {[%emt 0:00:03] And now Qd5+ would win.} Qxh2+ 33. Kd1 {[%emt 0:00:01] White wants to mate with Qd5+.} Qxd2+ 34. Kxd2 fxe4 {[%emt 0:00:09][%mdl 4096] Endgame KB-KB} 35. d7 Kf7 {[%emt 0:00:09] Against Be7} 36. Bc5 {[%emt 0:01:00] [#] Intending Bxb6 and mate.} Bd8 37. Bxa7 $2 (37. Ke3 {nothing else works.} b6 38. Bd4) 37... Ke6 {[%emt 0:00:34] Strongly threatening ...h5.} 38. Ke3 {[%emt 0:00:03] [#]} Kf5 {[%emt 0:03:05] aiming for ...h5.} 39. Kf2 (39. Bd4 $142 h5 40. a4) 39... Kxf4 40. Be3+ Kg4 41. Bh6 Kf5 42. a4 Kg6 43. Be3 h5 44. Kg3 Kf5 45. Bf2 Bc7+ 46. Kh4 Ke6 47. Kxh5 Kxd7 48. Kg4 Ke6 49. Be3 Be5 50. Bd2 Bg7 {[%emt 0:01:12] Hoping for ...Kd5.} 51. Kg3 Kd5 {[%emt 0:01:07][%cal Oe4e3] ( -> ...e3!)} 52. Be1 Bh6 {[%emt 0:00:27] ...Kc6 is the strong threat.} 53. Kg4 Bc1 {[%emt 0:00:24] White must now prevent ...Kc6.} 54. Kg3 Kc5 {[%emt 0:02:01] Black mates.} 55. Bf2+ e3 56. Bg1 Kb6 57. Kf3 Ka5 58. Ke2 Kxa4 59. Kd1 Bd2 60. Kc2 b5 {[%emt 0:00:29] Weighted Error Value: White=0.70/Black=0.27 (precise)} 0-1